 Dungeon Sprint DCSS version 0.19.0-20-gbc5f0c6 (webtiles) character file.

106 lorenzova the Archer (level 4, -10/45 HPs)
             Began as a Centaur Hunter on Nov 17, 2016.
             Killed from afar by a deep elf mage (19 damage)
             ... with a bolt of fire
             ... in the Dungeon (Sprint III: "The Ten Rune Challenge").
             The game lasted 00:02:18 (582 turns).

lorenzova the Archer (Centaur Hunter)                Turns: 582, Time: 00:02:19

Health: -10/45     AC:  4    Str: 14    XL:     4   Next: 55%
Magic:  4/4        EV:  9    Int: 10    God:
Gold:   15         SH:  0    Dex: 13    Spells: 0 memorised, 3 levels left

rFire  . . .     SeeInvis .     a - +1 shortbow
rCold  . . .     Gourm    .     c - +0 leather armour
rNeg   . . .     Faith    .     (shield currently unavailable)
rPois  .         Spirit   .     (helmet restricted)
rElec  .         Reflect  .     (no cloak)
rCorr  .         Harm     .     (no gloves)
MR     +....     NoTele   +     (no barding)
Stlth  +.........               (no amulet)
                                (no ring)
                                (no ring)

@: very quick
A: hooves 3, horns 1, agile 1, deformed body, speed 2, magic resistance 1, tough
skin 3
a: no special abilities


You were in the Dungeon.
You were not hungry.

You visited 1 branch You collected 15 gold pieces.

Inventory:

Hand Weapons
 a - a +1 shortbow (weapon)
 b - a +0 short sword
 p - a +2 dagger of distortion
Missiles
 d - 9 arrows (quivered)
Armour
 c - a +0 leather armour (worn)
Scrolls
 k - a scroll of blinking
 m - 4 scrolls of immolation {unknown}
 q - a scroll of remove curse {unknown}
Potions
 e - 2 potions of curing
 g - a potion of heal wounds
 h - a potion of haste
 i - 2 potions of magic
 j - a potion of berserk rage
 l - a potion of mutation
 o - 3 potions of flight
 s - a potion of cure mutation
Comestibles
 f - a bread ration
 n - a royal jelly
 r - a meat ration


   Skills:
 + Level 6.7 Fighting
 + Level 9.9 Bows
 - Level 1.3 Dodging
 - Level 0.4 Stealth


You had 3 spell levels left.
You didn't know any spells.

Dungeon Overview and Level Annotations

Branches:
Dungeon (1/1)

Altars:
Elyvilon
Zin
The Shining One


Innate Abilities, Weirdness & Mutations

You have hooves in place of feet.
Armour fits poorly on your strangely shaped body.
You cover ground very quickly.
You have extremely tough skin. (AC +3)
You have a pair of small horns on your head.
You are agile. (Dex +2)
You are resistant to hostile enchantments. (MR+)


Message History

You shoot an arrow.
The arrow closely misses the deep elf mage.
The deep elf mage casts a spell at you. The bolt of fire hits you!
Ouch! That really hurt!
* * * LOW HITPOINT WARNING * * *
You are too injured to fight recklessly!
You are too injured to fight recklessly!
You are too injured to fight recklessly!
You are too injured to fight recklessly!
You are too injured to fight recklessly!
You are too injured to fight recklessly!
Firing (i - inventory):
d - 10 arrows (quivered)
Press: ? - help, Shift-Dir - straight line, f/p - deep elf mage
Aim: a deep elf mage, wielding a long sword of holy wrath (heavily wounded)
You shoot an arrow. The arrow hits the deep elf mage.
The deep elf mage is heavily wounded.
The deep elf mage points at you and mumbles some strange words.
The bolt of fire hits you!
You die...

▓.....#....≈.♣ ♣..###'#+###+
▓.....#...≈≈♣♣♣♣(.#§........
▓....(#..≈≈≈≈♣♣...'.⌠.......
▓####'#..≈≈≈≈≈≈(♣.#...######
▓[....#.≈≈≈≈≈≈e...#.⌠.#
▓.....#.≈≈≈≈≈.....#...#
▓.....#.≈≈≈.......#+###
▓'#####...........#
▓..........@......#
▓▓▓▓▓▓▓▓▓▓▓▓▓▓▓▓▓▓▓


You could see a deep elf mage.

Vanquished Creatures
  A water elemental (D)
  Jessica (D)
  A human (D)
  A phantom (D)
  3 rats (D)
7 creatures vanquished.

Vanquished Creatures (others)
  2 draconian scorchers (D)
  6 hellions (D)
  2 yaktaurs (D)
  A plant (D)
11 creatures vanquished.

Grand Total: 18 creatures vanquished

Notes
Turn   | Place    | Note
-------+----------+-------------------------------------------
     0 | D        | lorenzova the Centaur Hunter began the quest for the Orb.
     0 | D        | Reached XP level 1. HP: 17/17 MP: 1/1
    26 | D        | Noticed Jessica
    29 | D        | Killed Jessica
    29 | D        | Reached skill level 7 in Bows
    29 | D        | Reached XP level 2. HP: 28/28 MP: 2/2
   113 | D        | Killed a hellion
   114 | D        | Killed a hellion
   122 | D        | Killed a hellion
   136 | D        | Killed a hellion
   139 | D        | Killed a hellion
   140 | D        | Killed a hellion
   153 | D        | Reached XP level 3. HP: 34/34 MP: 3/3
   172 | D        | Reached skill level 5 in Fighting
   172 | D        | Reached skill level 8 in Bows
   192 | D        | Gained mutation: You are agile. (Dex +2) [potion of mutation]
   192 | D        | Gained mutation: You have a pair of small horns on your head. [potion of mutation]
   192 | D        | Gained mutation: You are resistant to hostile enchantments. (MR+) [potion of mutation]
   220 | D        | Noticed a water elemental
   227 | D        | Killed a yaktaur
   249 | D        | Killed a white draconian scorcher
   260 | D        | Killed a white draconian scorcher
   277 | D        | Killed a water elemental
   277 | D        | Reached skill level 9 in Bows
   277 | D        | Reached XP level 4. HP: 8/45 MP: 4/4
   560 | D        | Killed a yaktaur
   562 | D        | Found a glowing silver altar of Zin.
   563 | D        | Found a glowing golden altar of the Shining One.
   563 | D        | Found a white marble altar of Elyvilon.
   563 | D        | Noticed a deep elf mage
   582 | D        | Killed from afar by a deep elf mage

Skill      XL: |  1  2  3 |
---------------+----------+-----
Fighting       | 4 6 |  6.7
Bows           | 7 9 |  9.9
Dodging        | |  1.3
Stealth        | |  0.4

Action                   |  1- 3 |  4- 6 || total
-------------------------+-------+-------++-------
 Fire: Shortbow          |    31 |     7 ||    38
  Use: Scroll            |     2 |       ||     2
       Potion            |     1 |       ||     1
Dodge: Dodged            |     2 |       ||     2
